 Dungeon Crawl Stone Soup version 0.26-a0-249-g7253cd193c (webtiles) character file.

Game seed: 12722440357475574551

182 Flugkiller the Digger (level 5, -5/38 HPs)
             Began as a Draconian Earth Elementalist on July 8, 2020.
             Slain by an iguana (12 damage)
             ... on level 4 of the Dungeon.
             The game lasted 00:15:43 (1163 turns).

Flugkiller the Digger (DrEE)                        Turns: 1163, Time: 00:15:44

Health: -5/38      AC:  7    Str: 10    XL:     5   Next: 34%
Magic:  0/9        EV: 12    Int: 17    God:
Gold:   82         SH:  0    Dex: 17    Spells: 4/10 levels left

rFire    . . .     SeeInvis .   e - +3 dagger
rCold    . . .     Faith    .   (no shield)
rNeg     . . .     Spirit   .   (armour unavailable)
rPois    .         Reflect  .   (helmet restricted)
rElec    .         Harm     .   (no cloak)
rCorr    .                      j - +0 pair of gloves
MR       .....                  n - +0 pair of boots
Stlth    ++........             (no amulet)
HPRegen  0.12/turn              h - +6 ring of dexterity
MPRegen  0.11/turn              (no ring)

@: no status effects
A: unfitting armour, cold-blooded, AC +5
a: no special abilities


You were on level 4 of the Dungeon.
You were hungry.

You visited 1 branch of the dungeon, and saw 4 of its levels.
You also visited: Sewer.

You collected 82 gold pieces.

Inventory:

Hand Weapons
 d - a +0 hand axe
   (You found it on level 1 of the Dungeon)
 e - a +3 dagger (weapon)
   (You took it off a kobold in a sewer)
Missiles
 b - 53 stones (quivered)
Armour
 j - a +0 pair of gloves (worn)
   (You found it on level 2 of the Dungeon)
 n - a +0 pair of boots (worn)
   (You found it on level 3 of the Dungeon)
Jewellery
 h - a +6 ring of dexterity (left hand)
   (You found it on level 1 of the Dungeon)
Scrolls
 a - a scroll of teleportation {unknown}
 f - a scroll of noise {unknown}
 g - a scroll of identify
 i - a scroll of magic mapping {unknown}
 l - a scroll of remove curse {unknown}
 m - 2 scrolls of blinking
Potions
 k - a potion of curing
 o - a potion of flight
 p - a potion of heal wounds
Comestibles
 c - 4 rations


   Skills:
 - Level 1.7 Dodging
 - Level 1.7 Stealth
 - Level 3.0 Spellcasting
 - Level 1.0 Transmutations
 * Level 5.6 Earth Magic


You had 4 spell levels left.
You knew the following spells:

 Your Spells              Type           Power        Failure   Level
a - Sandblast             Erth           ###...       1%          1
b - Stone Arrow           Conj/Erth      ##....       17%         3
w - Passwall              Tmut/Erth      ##......     7%          2

Your spell library contained the following spells:

 Spells                   Type           Power        Failure   Level
 Petrify                  Tmut/Erth      ##......     41%         4
 Lee's Rapid Deconstruct  Erth           ###.......   43%         5


Dungeon Overview and Level Annotations

Branches:
Dungeon (4/15)              Sewer (visited)
 Temple: D:4-7

Altars:

Shops:
D:4 !

Annotations:
D:3 Grinder


Innate Abilities, Weirdness & Mutations

Your plain brown scales are hard. (AC +5)
You cannot fit into any form of body armour.
You are cold-blooded and may be slowed by cold attacks.


Message History

Casting: Sandblast (safe; 1% risk of failure)
Confirm with . or Enter, or press ? or * to list all spells.
Aiming: Sandblast (safe; 1% risk of failure)
Press: ? - help, Shift-Dir - straight line, f - iguana
Aim: an iguana The blast of sand hits the iguana!
The iguana is heavily wounded.
b - 57 stones
Casting: Sandblast (safe; 1% risk of failure)
Confirm with . or Enter, or press ? or * to list all spells.
Aiming: Sandblast (safe; 1% risk of failure)
Press: ? - help, Shift-Dir - straight line, f/p - iguana
Aim: an iguana (heavily wounded)
The blast of sand hits the iguana.
The iguana is severely wounded.
b - 56 stones
Casting: Sandblast (safe; 1% risk of failure)
Confirm with . or Enter, or press ? or * to list all spells.
Aiming: Sandblast (safe; 1% risk of failure)
Press: ? - help, Shift-Dir - straight line, f/p - iguana
Aim: an iguana (severely wounded)
The blast of sand misses the iguana.
b - 55 stones The iguana bites you!
* * * LOW HITPOINT WARNING * * *
Casting: Sandblast (safe; 1% risk of failure)
Confirm with . or Enter, or press ? or * to list all spells.
Aiming: Sandblast (safe; 1% risk of failure)
Press: ? - help, Shift-Dir - straight line, f/p - iguana
Aim: an iguana (severely wounded)
The blast of sand hits the iguana.
The iguana is almost dead.
b - 54 stones The iguana barely misses you.
Casting: Sandblast (safe; 1% risk of failure)
Confirm with . or Enter, or press ? or * to list all spells.
Aiming: Sandblast (safe; 1% risk of failure)
Press: ? - help, Shift-Dir - straight line, f/p - iguana
Aim: an iguana (almost dead)
The blast of sand misses the iguana.
b - 53 stones Unknown command.
You hit the iguana but do no damage.
The iguana is almost dead.
The iguana bites you.
* * * LOW HITPOINT WARNING * * *
You hit the iguana but do no damage.
The iguana is almost dead.
The iguana bites you!
You die...

##..... ###
##....... ###..##
#.......# ###.....#
l .......###.#....#
#.........#.......#
...##(......#...###
...#.......##...##
..........##)..<)##
...........))..l@.#
#####.....)......##
8.8.8......##...##
...............##
.......##.....##
..$...........#
.............##
.............#
8.8.8...##....#


You could see an iguana.

Vanquished Creatures
  A big kobold (Sewer)
  3 adders
  A river rat (Sewer)
  4 worms (D:3)
  2 leopard geckos
  2 orcs
  6 giant cockroaches
  9 goblins
  6 hobgoblins
  4 jackals
  A ball python (D:1)
  4 bats
  2 frilled lizards (D:3)
  7 kobolds
  11 rats
63 creatures vanquished.

Notes
Turn   | Place    | Note
-------+----------+-------------------------------------------
     0 | D:1      | Flugkiller the Draconian Earth Elementalist began the quest
                  | for the Orb.
     0 | D:1      | Reached XP level 1. HP: 14/14 MP: 3/3
   152 | D:1      | Reached XP level 2. HP: 17/20 MP: 1/5
   157 | D:1      | Learned a level 2 spell: Passwall
   371 | D:2      | Reached XP level 3. HP: 25/26 MP: 2/6
   376 | D:2      | Learned a level 3 spell: Stone Arrow
   427 | D:3      | Reached skill level 4 in Earth Magic
   776 | D:3      | Reached XP level 4. HP: 33/33 MP: 4/8
   830 | D:3      | Found a glowing drain.
   837 | Sewer    | Entered a sewer
   888 | Sewer    | Noticed a big kobold
   925 | Sewer    | Killed a big kobold
   925 | Sewer    | Reached skill level 5 in Earth Magic
   925 | Sewer    | Reached XP level 5. HP: 19/38 MP: 0/9
   989 | Sewer    | Found a white marble altar of Elyvilon.
  1053 | D:3      | Noticed Grinder
  1061 | D:4      | Found Gitz's Distillery.
  1163 | D:4      | Slain by an iguana

Illustrated notes

Levels and vault maps discovered:
D:1:      dpeg_arrival_simpleton_a, layout_basic
D:2:      layout_rooms, first_ration, uniq_sigmund
D:3:      layout_loops_cross, gup_sewer_entry_spiral, uniq_grinder
D:4:      kennysheep_the_goblin_king, layout_cave_pools, serial_shops, shop,
          kennysheep_little_box, shop

Skill      XL: |  1  2  3  4 |
---------------+-------------+-----
Earth Magic    | 4 5 |  5.6
Spellcasting   | 3 |  3.0
Dodging        | |  1.7
Stealth        | |  1.7
Transmutations | |  1.0

Action                   |  1- 3 |  4- 6 || total
-------------------------+-------+-------++-------
Melee: Hand axe          |    40 |    60 ||   100
       Unarmed           |     3 |       ||     3
       Tailslap          |     3 |     7 ||    10
       Dagger            |       |     2 ||     2
 Cast: Sandblast         |    23 |    40 ||    63
       Passwall          |     2 |     3 ||     5
  Use: Scroll            |       |     3 ||     3
       Potion            |       |     3 ||     3
 Stab: Sleeping          |     3 |       ||     3
Armor: Skin              |    20 |    37 ||    57
Dodge: Dodged            |    42 |    54 ||    96

Table legend:
 A = Non-vault XP
 B = Vault XP
 C = Vault XP percentage of total XP
 D = Non-vault monster count
 E = Vault monster count
 F = Vault count percentage of total count
                 A         B        C        D         E       F
            +---------+---------+-------+---------+---------+-------
      Total |     103 |     157 |  60.4 |      38 |      25 |  39.7
            +---------+---------+-------+---------+---------+-------
        D:1 |      27 |       0 |   0.0 |      18 |       0 |   0.0
        D:2 |      31 |       0 |   0.0 |       4 |       0 |   0.0
        D:3 |      40 |      21 |  34.4 |      14 |       7 |  33.3
        D:4 |       5 |      13 |  72.2 |       2 |       7 |  77.8
      Sewer |       0 |     123 | 100.0 |       0 |      11 | 100.0
            +---------+---------+-------+---------+---------+-------
